 Dungeon Crawl Stone Soup version 0.26.1-11-gd32895ea62 (webtiles) character file.

Game seed: 16115160391642067179

876 jlumianski the Grasshopper (level 8, -2/63 HPs)
             Began as a Gnoll Warper on July 18, 2021.
             Was an Initiate of Qazlal.
             Killed by divine providence
             ... invoked by an orc priest
              (14 damage)
             ... on level 7 of the Dungeon.
             The game lasted 00:30:38 (7751 turns).

jlumianski the Grasshopper (Gnoll Warper)           Turns: 7751, Time: 00:30:39

Health: -2/63      AC: 10    Str: 13      XL:     8   Next: 4%
Magic:  13/16      EV: 14    Int: 20      God:    Qazlal [......]
Gold:   247        SH:  0    Dex: 16 (17) Spells: 13/18 levels left

rFire    . . .     SeeInvis +   M - +0 war axe
rCold    . . .     Faith    .   (no shield)
rNeg     . . .     Spirit   .   c - +0 ring mail
rPois    .         Reflect  .   I - +0 hat of Unreason {Int+2 Dex+2} (curse)
rElec    .         Harm     .   n - +2 cloak
rCorr    .         Rampage  .   (no gloves)
Will     .....                  h - +0 pair of boots
Stlth    ++........             E - amulet of magic regeneration
HPRegen  0.20/turn              r - ring of see invisible
MPRegen  0.40/turn              (no ring)

@: hasted, very quick
A: distributed training, fangs 1, strong nose
a: Renounce Religion


You were on level 7 of the Dungeon.
You worshipped Qazlal.
Qazlal was noncommittal.
You visited 2 branches of the dungeon, and saw 8 of its levels.

You collected 463 gold pieces.
You spent 216 gold pieces at shops.

Inventory:

Hand Weapons
 a - a +1 hand axe
 l - a +0 hunting sling
 J - a +0 longbow
 M - a +0 war axe (weapon)
Missiles
 e - 5 boomerangs of dispersal
 f - 201 stones
 p - 19 poisoned darts (quivered)
 s - 33 sling bullets
 u - 18 bolts
 D - 4 curare-tipped darts
 G - 56 arrows
Armour
 b - a +0 leather armour
 c - a +0 ring mail (worn)
 h - a +0 pair of boots (worn)
 n - a +2 cloak (worn)
 I - the cursed +0 hat of Unreason (worn) {Int+2 Dex+2}
   (You bought it in a shop on level 5 of the Dungeon)

   It affects your intelligence (+2).
   It affects your dexterity (+2).
   It has a curse placed upon it.
 O - a +0 helmet
Magical Staves
 C - an uncursed staff of death
Jewellery
 i - a cursed amulet of inaccuracy
 r - a ring of see invisible (left hand)
 t - an uncursed amulet of faith
 E - an amulet of magic regeneration (around neck)
 K - an uncursed ring of positive energy
Wands
 z - a wand of digging (2)
 N - a wand of polymorph (9)
Scrolls
 d - 2 scrolls of blinking
 g - 2 scrolls of remove curse
 j - a scroll of fear
 k - 3 scrolls of enchant weapon
 q - 3 scrolls of random uselessness
 y - a scroll of immolation
 A - a scroll of teleportation {unknown}
 F - a scroll of amnesia
Potions
 m - a potion of attraction
 o - a potion of berserk rage {unknown}
 v - a potion of brilliance
 w - a potion of curing
 x - a potion of haste
 B - a potion of degeneration {unknown}
 H - a potion of invisibility {unknown}
 L - a potion of flight {unknown}
 P - a potion of heal wounds {unknown}


   Skills:
 + Level 5.4 Fighting
 + Level 2.9 Short Blades
 + Level 2.9 Long Blades
 + Level 5.4 Axes
 + Level 2.9 Maces & Flails
 + Level 2.9 Polearms
 + Level 2.9 Staves
 + Level 2.9 Slings
 + Level 2.9 Bows
 + Level 2.9 Crossbows
 + Level 3.9 Throwing
 + Level 3.9 Armour
 + Level 5.4 Dodging
 + Level 2.9 Stealth
 + Level 2.9 Shields
 + Level 2.9 Unarmed Combat
 + Level 5.8 Spellcasting
 + Level 2.3 Conjurations
 + Level 2.3 Hexes
 + Level 2.3 Summonings
 + Level 2.3 Necromancy
 + Level 6.0 Translocations
 + Level 2.3 Transmutations
 + Level 2.3 Fire Magic
 + Level 2.3 Ice Magic
 + Level 2.3 Air Magic
 + Level 2.3 Earth Magic
 + Level 2.3 Poison Magic
 + Level 3.2 Invocations
 + Level 2.9 Evocations


You had 13 spell levels left.
You knew the following spells:

 Your Spells              Type           Power        Failure   Level
a - Blink                 Tloc           N/A          2%          2
b - Gell's Gravitas       Tloc           14%          5%          3

Your spell library contained the following spells:

 Spells                   Type           Power        Failure   Level
 Lesser Beckoning         Tloc           14%          5%          3
 Teleport Other           Tloc           29%          5%          3
 Passage of Golubria      Tloc           N/A          19%         4


Dungeon Overview and Level Annotations

Branches:
Dungeon (7/15)             Temple (1/1) D:4

Altars:
Ashenzari
Cheibriados
Dithmenos
Elyvilon
Fedhas
Hepliaklqana
Kikubaaqudgha
Makhleb
Okawaru
Qazlal
Ru
Trog
Vehumet
Wu Jian
Xom
Zin
The Shining One

Shops:
D:5 *


Innate Abilities, Weirdness & Mutations

Your experience applies equally to all skills.
You have very sharp teeth.
Your uncanny sense of smell can sniff out nearby items.


Message History

The puff of frost hits you!
The orc wizard casts a cantrip, but nothing happens.
Aiming: Dig
Press: ? - help, Shift-Dir - straight line A rock wall.
The rock shatters into small pieces.
The orc wizard casts a spell at itself.
The orc wizard flickers and vanishes for a moment.
The orc priest calls down the wrath of Beogh upon you.
Beogh smites you!
* * * LOW HITPOINT WARNING * * *
Okay, then.
Unknown command.
Unknown command.
Unknown command.
You feel yourself speed up.
The orc priest calls upon Beogh to heal something.
The orc priest calls down the wrath of Beogh upon you.
Beogh smites you!
You die...

..#....#
#.....#..#...........#
_.......
#.....#..#...........'
.........
#.....#..#...........#
........
#.....#..#...........#
8......#
#.....#..#...........#
.......#
#.....#..##+####.#####
.......# #.....#..#
#.# #.. _.......
#.....# ... #..
.......#####....@# ...
#.. ..#######..#.....#
∆ #####..
........#..#.....#
#......
........#..#.....#
#......
...>....'..#.....#+###
#......
##......#..#.........#
###......
#......#..#.....o...#
#.....##+
+......####.........#
#.....#
#.................o.#
#.....#


You could see an orc priest.

Vanquished Creatures
  A centaur (D:6)
  A bullfrog (D:6)
  2 scorpions
  3 wights (D:5)
  A howler monkey (D:4)
  An orc priest (D:5)
  A quasit (D:7)
  A bullfrog skeleton (D:4)
  2 worker ants (D:4)
  An iguana (D:5)
  4 orc wizards
  A hound skeleton (D:5)
  7 adders
  A white imp (D:6)
  An ufetubus (D:5)
  An adder skeleton (D:4)
  4 worms
  3 dart slugs
  4 leopard geckos
  15 orcs
  4 giant cockroaches
  7 goblins
  6 hobgoblins
  11 jackals
  6 kobolds
  3 quokkas
  8 bats
  2 frilled lizards
  A leopard gecko zombie (D:5)
  A quokka zombie (D:6)
  5 rats
109 creatures vanquished.

Notes
Turn   | Place    | Note
-------+----------+-------------------------------------------
     0 | D:1      | jlumianski the Gnoll Warper began the quest for the Orb.
     0 | D:1      | Reached XP level 1. HP: 20/20 MP: 6/6
   207 | D:1      | Reached XP level 2. HP: 25/26 MP: 7/7
   210 | D:1      | Learned a level 2 spell: Blink
  1139 | D:2      | Reached skill level 5 in Spellcasting
  1139 | D:2      | Reached XP level 3. HP: 16/31 MP: 7/9
  1154 | D:2      | Learned a level 3 spell: Gell's Gravitas
  1221 | D:2      | Reached skill level 1 in Invocations
  1749 | D:2      | Reached skill level 1 in Short Blades
  1749 | D:2      | Reached skill level 1 in Long Blades
  1749 | D:2      | Reached skill level 1 in Maces & Flails
  1749 | D:2      | Reached skill level 1 in Polearms
  1749 | D:2      | Reached skill level 1 in Staves
  1749 | D:2      | Reached skill level 1 in Slings
  1749 | D:2      | Reached skill level 1 in Bows
  1749 | D:2      | Reached skill level 1 in Crossbows
  1749 | D:2      | Reached skill level 1 in Stealth
  1749 | D:2      | Reached skill level 1 in Shields
  1749 | D:2      | Reached skill level 1 in Unarmed Combat
  1749 | D:2      | Reached skill level 1 in Evocations
  2002 | D:3      | Reached XP level 4. HP: 38/38 MP: 11/11
  2391 | D:3      | Reached skill level 1 in Conjurations
  2391 | D:3      | Reached skill level 1 in Hexes
  2391 | D:3      | Reached skill level 1 in Summonings
  2391 | D:3      | Reached skill level 1 in Necromancy
  2391 | D:3      | Reached skill level 1 in Transmutations
  2391 | D:3      | Reached skill level 1 in Fire Magic
  2391 | D:3      | Reached skill level 1 in Ice Magic
  2391 | D:3      | Reached skill level 1 in Air Magic
  2391 | D:3      | Reached skill level 1 in Earth Magic
  2391 | D:3      | Reached skill level 1 in Poison Magic
  2636 | D:3      | Found an ornate altar of the Wu Jian Council.
  3010 | D:4      | Reached XP level 5. HP: 17/43 MP: 12/12
  3379 | D:4      | Noticed a phantom
  4317 | D:4      | Reached XP level 6. HP: 50/50 MP: 13/13
  4628 | D:4      | Found a staircase to the Ecumenical Temple.
  4635 | Temple   | Entered the Ecumenical Temple
  4834 | D:4      | Reached skill level 5 in Fighting
  4834 | D:4      | Reached skill level 5 in Axes
  4834 | D:4      | Reached skill level 5 in Dodging
  5044 | D:5      | Entered Level 5 of the Dungeon
  5422 | D:5      | Found Tiash's Assorted Antiques.
  5425 | D:5      | Bought a blackened hat for 216 gold pieces
  5434 | D:5      | Identified the cursed +0 hat of Unreason {Int+2 Dex+2} (You
                  | bought it in a shop on level 5 of the Dungeon)
  5662 | D:5      | Found a broken altar of Ashenzari.
  5838 | D:5      | Reached XP level 7. HP: 38/56 MP: 15/15
  7513 | D:7      | Found an iron altar of Okawaru.
  7532 | D:7      | Found a stormy altar of Qazlal.
  7542 | D:7      | Became a worshipper of Qazlal Stormbringer
  7735 | D:7      | Reached skill level 6 in Translocations
  7735 | D:7      | Reached XP level 8. HP: 29/63 MP: 7/16
  7751 | D:7      | Killed from afar by an orc priest

Illustrated notes

Levels and vault maps discovered:
D:1:      moated_graveyard_arrival, layout_basic
D:2:      layout_rooms
D:3:      layout_basic, marbit_many_paths
D:4:      layout_gridville, minmay_temple_entry_enclosed_plants
D:5:      layout_rooms, evilmike_ruin_ashenzari, serial_shops,
          kennysheep_mini_moat
D:6:      layout_loops_ring, grunt_decor_one_mirror
D:7:      minmay_skewed_foursquare, layout_gridville, dancing_weapons_uskayaw,
          grunt_temple_overflow_open
Temple:   cyrus_circular_temple

Skill      XL: |  1  2  3  4  5  6  7 |
---------------+----------------------+-----
Spellcasting   | 5 |  5.8
Invocations    | 1 2 3 |  3.2
Short Blades   | 1 2 |  2.9
Long Blades    | 1 2 |  2.9
Maces & Flails | 1 2 |  2.9
Polearms       | 1 2 |  2.9
Staves         | 1 2 |  2.9
Slings         | 1 2 |  2.9
Bows           | 1 2 |  2.9
Crossbows      | 1 2 |  2.9
Stealth        | 1 2 |  2.9
Shields        | 1 2 |  2.9
Unarmed Combat | 1 2 |  2.9
Evocations     | 1 2 |  2.9
Conjurations   | 1 2 |  2.3
Hexes          | 1 2 |  2.3
Summonings     | 1 2 |  2.3
Necromancy     | 1 2 |  2.3
Transmutations | 1 2 |  2.3
Fire Magic     | 1 2 |  2.3
Ice Magic      | 1 2 |  2.3
Air Magic      | 1 2 |  2.3
Earth Magic    | 1 2 |  2.3
Poison Magic   | 1 2 |  2.3
Throwing       | 3 |  3.9
Armour         | 3 |  3.9
Fighting       | 5 |  5.4
Axes           | 5 |  5.4
Dodging        | 5 |  5.4
Translocations | 6 |  6.0

Action                   |  1- 3 |  4- 6 |  7- 9 || total
-------------------------+-------+-------+-------++-------
Melee: Hand axe          |   109 |   192 |    22 ||   323
       Bite              |     6 |    26 |     8 ||    40
       Punch             |       |     3 |       ||     3
       Unarmed           |       |     2 |       ||     2
       War axe           |       |       |    36 ||    36
 Fire: Hunting sling     |     9 |    15 |       ||    24
       Longbow           |       |     2 |    14 ||    16
Throw: Stone             |    31 |       |       ||    31
       Dart              |       |    16 |     3 ||    19
 Cast: Blink             |     2 |    11 |     4 ||    17
       Gell's Gravitas   |       |    14 |     9 ||    23
Evoke: Wand              |       |       |     1 ||     1
  Use: Scroll            |     1 |     7 |     1 ||     9
       Potion            |     1 |     3 |     1 ||     5
 Stab: Sleeping          |       |     1 |       ||     1
Armor: Ring mail         |    46 |    76 |    41 ||   163
       Skin              |       |     1 |       ||     1
Dodge: Dodged            |    86 |   151 |    97 ||   334
